 Dungeon Crawl Stone Soup version 0.20.0-8-g6b59dc7 (webtiles) character file.

3736 Gargoyl the Nimble (level 9, -6/79 HPs)
             Began as a Black Draconian Abyssal Knight on June 2, 2017.
             Was a High Priest of Lugonu.
             Mangled by ciphuk's ghost (19 damage)
             ... on level 8 of the Dungeon.
             The game lasted 00:18:41 (9886 turns).

Gargoyl the Nimble (Black Draconian Abyssal Knight) Turns: 9886, Time: 00:18:41

Health: -6/79      AC: 10    Str: 15    XL:     9   Next: 93%
Magic:  15/15      EV: 17    Int: 13    God:    Lugonu [*****.]
Gold:   484        SH:  0    Dex: 13    Spells: 8/8 levels left

rFire    . . .     SeeInvis .   v - +0 hand axe (elec)
rCold    . . .     Gourm    .   (no shield)
rNeg     . . .     Faith    .   (armour unavailable)
rPois    .         Spirit   .   (helmet restricted)
rElec    +         Reflect  .   r - +0 cloak
rCorr    .         Harm     .   n - +0 pair of gloves
MR       +....                  f - +0 pair of boots
Stlth    +.........             (no amulet)
Regen    0.3/turn               e - ring of protection from magic
MPRegen  0.2/turn               (no ring)

@: slowed, very slow
A: breathe lightning, unfitting armour, claws 1, blurry vision 1, high mp 1,
electricity resistance, cold-blooded, AC +7
a: Breathe Lightning, Depart the Abyss, Bend Space, Banish, Corrupt, Enter the
Abyss, Renounce Religion


You were on level 8 of the Dungeon.
You worshipped Lugonu.
Lugonu was extremely pleased with you.
You were hungry.

You visited 1 branch of the dungeon, and saw 8 of its levels.
You visited the Abyss 1 time.

You collected 484 gold pieces.

Inventory:

Hand Weapons
 a - a +1 hand axe
 v - a +0 hand axe of electrocution (weapon)
 w - a +0 spear of venom
Missiles
 l - 2 javelins (quivered)
Armour
 f - a +0 pair of boots (worn)
 n - a +0 pair of gloves (worn)
 r - a +0 cloak (worn)
Jewellery
 e - a ring of protection from magic (left hand)
Wands
 c - a wand of iceblast (15/15)
 o - a wand of flame (10/48)
 z - a wand of lightning (9/15)
 B - a wand of acid (10/15)
 F - a wand of random effects (15/48)
Scrolls
 d - 2 scrolls of remove curse
 g - 4 scrolls of teleportation
 i - 5 scrolls of amnesia
 m - 2 scrolls of blinking
 p - 2 scrolls of identify
 y - a scroll of recharging
Potions
 h - 2 potions of lignification
 k - a potion of cancellation {unknown}
 q - a potion of might {unknown}
 t - a potion of agility {unknown}
 u - a potion of berserk rage {unknown}
 x - a potion of curing {unknown}
Comestibles
 b - 5 bread rations
 j - 6 chunks of flesh
 s - 3 royal jellies
 A - a meat ration


   Skills:
 + Level 7.2 Fighting
 + Level 8.1 Axes
 + Level 1.0 Throwing
 * Level 8.2 Dodging
 * Level 6.5 Invocations


You had 8 spell levels left.
You didn't know any spells.

Dungeon Overview and Level Annotations

Branches:
Dungeon (8/15)             Temple (0/1) D:6
   Lair: D:8-11

Altars:
Ashenzari
Dithmenos
Elyvilon
Qazlal
Ru
Yredelemnul
Beogh

Shops:
D:7 }

Annotations:
D:8 ciphuk's ghost, novice MfIE


Innate Abilities, Weirdness & Mutations

You can breathe wild blasts of lightning.
Your glossy black scales are hard. (AC +7)
You cannot fit into any form of body armour.
You are resistant to electric shocks. (rElec)
You are cold-blooded and may be slowed by cold attacks.
You have sharp fingernails.
Scrolls take you a little longer to read.
You have an increased reservoir of magic. (+10% MP)


Message History

Ciphuk's ghost hits you!
* * * LOW HITPOINT WARNING * * *
Space bends around you!
You blink.
The hound closely misses you. The hound bites you but does no damage.
Ciphuk's ghost shouts, "There is no future for me!"
You have got your breath back.
The hound misses you.
You feel sick. The hound bites you but does no damage.
You are feeling hungry.
You hit ciphuk's ghost but do no damage.
Lightning courses through ciphuk's ghost!
Ciphuk's ghost is heavily damaged.
You feel sick.
You are no longer poisoned.
Ciphuk's ghost gestures at you while chanting.
You are frozen.
* * * LOW HITPOINT WARNING * * *
You feel yourself slow down. Ciphuk's ghost hits you!!
You die...

### .... ### #..
... #.#.##.###
#.#......# #.#
#@#.##.# .#
####.####W.....#
####.#
#.......h.#.####
#....#
#.....#####.#
#.##.# #%†...# #
#.##.# #.....#
.....###.....#
#..........###
.........###


You could see a hound and ciphuk's ghost.

Vanquished Creatures
  Pikel (D:7)
  Joseph (D:7)
  Psyche (D:7)
  The ghost of Glitchraptor the Magician, an amateur DEIE (D:3)
  A sky beast (D:5)
  2 orc warriors (D:7)
  2 slaves (D:7)
  A necrophage (D:7)
  3 ogres
  2 centaurs
  A gnoll sergeant (D:5)
  A bullfrog (D:8)
  A scorpion (D:7)
  3 killer bees (D:8)
  A howler monkey (D:5)
  3 jellies
  5 wights
  2 centaur skeletons (D:7)
  3 orc priests
  A hound (D:5)
  7 orc wizards
  2 iguanas
  5 worker ants
  A killer bee zombie (D:6)
  A hound zombie (D:5)
  7 gnolls (D:5)
  12 adders
  2 shadow imps
  2 oozes
  3 worms
  2 dart slugs
  3 leopard geckos
  36 orcs
  12 bats
  6 giant cockroaches
  10 goblins
  7 hobgoblins
  18 jackals
  8 quokkas
  2 ball pythons
  5 frilled lizards
  9 kobolds
  2 leopard gecko skeletons
  A quokka skeleton (D:5)
  5 rats
204 creatures vanquished.

Vanquished Creatures (collateral kills)
  2 ancient zymes (Abyss:2)
2 creatures vanquished.

Vanquished Creatures (others)
  A centaur (D:8)
  An orc (D:8)
  A giant cockroach (D:7)
  7 plants
10 creatures vanquished.

Grand Total: 216 creatures vanquished

Notes
Turn   | Place    | Note
-------+----------+-------------------------------------------
     0 | Abyss:1  | Gargoyl the Draconian Abyssal Knight began the quest for the Orb.
     0 | Abyss:1  | Reached XP level 1. HP: 19/19 MP: 2/2
    24 | Abyss:2  | Found a corrupted altar of Lugonu.
    51 | Abyss:2  | Found a corrupted altar of Lugonu.
    51 | Abyss:2  | Noticed an ancient zyme
    53 | Abyss:2  | Killed an ancient zyme
    53 | Abyss:2  | Reached skill level 5 in Fighting
    53 | Abyss:2  | Reached XP level 2. HP: 29/29 MP: 3/3
    53 | Abyss:2  | Reached XP level 3. HP: 36/36 MP: 4/4
    53 | Abyss:2  | Reached XP level 4. HP: 42/42 MP: 5/5
    55 | Abyss:2  | Noticed an ancient zyme
    59 | Abyss:2  | Killed an ancient zyme
    59 | Abyss:2  | Reached XP level 5. HP: 50/50 MP: 6/6
    64 | Abyss:2  | Noticed a neqoxec
    99 | Abyss:4  | Noticed a chaos spawn
   100 | D:1      | Escaped the Abyss
   494 | D:1      | Reached * piety under Lugonu
  1372 | D:2      | Reached XP level 6. HP: 55/57 MP: 8/8
  1401 | D:2      | Found a sacrificial altar of Ru.
  1682 | D:2      | Reached ** piety under Lugonu
  1848 | D:2      | Found a white marble altar of Elyvilon.
  1922 | D:2      | Found a stormy altar of Qazlal.
  2144 | D:3      | Noticed Glitchraptor's ghost (amateur DEIE)
  2165 | D:3      | Killed Glitchraptor's ghost
  3141 | D:3      | Found a shattered altar of Ashenzari.
  3404 | D:4      | Your scales start taking on a glossy black colour.
  3404 | D:4      | Reached XP level 7. HP: 58/63 MP: 9/9
  3404 | D:4      | Gained mutation: You are resistant to electric shocks. (rElec) [Black Draconian growth]
  3535 | D:4      | You fall through a shaft!
  3535 | D:5      | Entered Level 5 of the Dungeon
  3803 | D:5      | Found a basalt altar of Yredelemnul.
  3808 | D:5      | Found a shadowy altar of Dithmenos.
  3844 | D:5      | Reached *** piety under Lugonu
  4846 | D:6      | Found a staircase to the Ecumenical Temple.
  5228 | D:5      | Reached skill level 5 in Dodging
  5241 | D:5      | Reached skill level 5 in Axes
  5241 | D:5      | Reached XP level 8. HP: 54/71 MP: 11/11
  5424 | D:5      | HP: 3/71 [acid (10)]
  5443 | D:5      | HP: 3/71 [bounced beam (2)]
  6874 | D:6      | Reached skill level 5 in Invocations
  7215 | D:7      | Gained mutation: Scrolls take you a little longer to read. [potion of mutation]
  7215 | D:7      | Gained mutation: You have an increased reservoir of magic. (+10% MP) [potion of mutation]
  7215 | D:7      | Gained mutation: You have sharp fingernails. [potion of mutation]
  7250 | D:7      | Reached **** piety under Lugonu
  7427 | D:7      | Found Ciedocw's Gadget Shoppe.
  7768 | D:7      | Noticed Joseph
  7784 | D:7      | Killed Joseph
  7784 | D:7      | Reached XP level 9. HP: 29/78 MP: 14/14
  8260 | D:7      | Found a runed door.
  8636 | D:7      | Found a roughly hewn altar of Beogh.
  8730 | D:7      | Reached ***** piety under Lugonu
  8759 | D:8      | Noticed Pikel
  8761 | D:8      | Noticed Psyche
  9039 | D:7      | Killed Psyche
  9039 | D:7      | Reached skill level 1 in Throwing
  9556 | D:7      | Killed Pikel
  9867 | D:8      | Noticed ciphuk's ghost (novice MfIE)
  9886 | D:8      | Mangled by ciphuk's ghost

Skill      XL: |  1  2  3  4  5  6  7  8  9 |
---------------+----------------------------+-----
Fighting       | 5 6 7 |  7.2
Dodging        | 3 5 6 8 |  8.2
Axes           | 3 4 5 6 8 |  8.1
Invocations    | 3 4 5 6 |  6.5
Throwing       | 1 |  1.0

Action                   |  1- 3 |  4- 6 |  7- 9 || total
-------------------------+-------+-------+-------++-------
Melee: Hand axe          |       |   222 |   383 ||   605
       Tailslap          |       |    26 |    38 ||    64
Throw: Javelin           |       |       |    10 ||    10
Invok: Depart the Abyss  |       |     1 |       ||     1
       Bend Space        |       |       |     2 ||     2
 Abil: Breathe Lightning |       |       |    29 ||    29
  Use: Scroll            |     1 |     6 |     7 ||    14
       Potion            |       |       |     4 ||     4
 Stab: Sleeping          |       |     2 |       ||     2
       Invisible         |       |     1 |       ||     1
       Paralysed         |       |     1 |       ||     1
       Distracted        |       |       |     1 ||     1
  Eat: Chunk             |       |     8 |    21 ||    29
       Bread ration      |       |       |     1 ||     1
Armor: Skin              |       |    85 |   159 ||   244
Dodge: Dodged            |       |   200 |   410 ||   610
